AoeStats
← Tomato

Coastal Forest

510610915Analyzed
4v4 RM · 13h ago on Oct 1, 2026· 21m 25s· 8 players
Game mode
Random Map
Map size
Large (8 player)
Population
200
Speed
Normal
Resources
Standard
Victory
Conquest
Starting age
Dark Age
Ending age
Imperial Age
RankedLock teamsTeams togetherTeam positionsShared explorationLock speedFull tech treeHidden civsTurbo modeCheats
Victory
Defeat
🇨🇳 Mongols · China
1423
+13
🇨🇴 Gurjaras · Colombia
1419
+13
🇳🇱 Saxons · Netherlands
1416
+13
🇺🇸 Persians · United States
1313
+16
🇺🇸 Byzantines · United States
1358
-14
🇺🇸 Spanish · United States
1355
-14
🇺🇸 Cumans · United States
1346
-14
🇺🇸 Portuguese · United States
1324
-13
SpursCOYS216040
6:48 Loom
9:07 Feudal Age
9:47 Double-Bit Axe
9:57 Horse Collar
21:27 Castle Age
absurd
8:24 Loom
10:36 Feudal Age
11:20 Double-Bit Axe
13:14 Fletching
14:04 Padded Archer Armor
19:31 Wheelbarrow
19:44 Horse Collar
Rhythm_
6:38 Loom
8:46 Feudal Age
9:58 Double-Bit Axe
9:57 Horse Collar
16:24 Wheelbarrow
20:15 Castle Age
mR_GrincH_
11:16 Feudal Age
11:54 Double-Bit Axe
12:08 Gold Mining
12:03 Horse Collar
13:40 Loom
17:14 Castle Age
16:02 Padded Archer Armor
16:15 Stone Mining
18:21 Leather Archer Armor
18:27 Bow Saw
21:18 Town Watch
Tomato
11:08 Feudal Age
9:26 Loom
12:20 Gold Mining
12:16 Double-Bit Axe
12:13 Horse Collar
16:07 Castle Age
17:04 Wheelbarrow
18:28 Bow Saw
20:22 Gambesons
21:42 Heavy Plow
Tacris09
8:06 Loom
10:13 Feudal Age
11:10 Double-Bit Axe
11:58 Horse Collar
18:20 Scale Barding Armor
18:26 Forging
种田摸鱼
10:19 Feudal Age
11:59 Double-Bit Axe
14:18 Castle Age
12:56 Fletching
14:10 Gold Mining
14:53 Loom
15:37 Bodkin Arrow
17:56 Wheelbarrow
Showergod
7:47 Loom
10:07 Feudal Age
11:18 Double-Bit Axe
11:50 Fletching
11:56 Gold Mining
19:15 Padded Archer Armor
20:35 Horse Collar
Connection lost

Rejoining the realm…

Still unreachable

The connection could not be restored.

Session expired

The server has moved on; the page needs a fresh start.